 Dungeon Crawl Stone Soup version 0.28-a0-537-g3bccd9ccbf (webtiles) character file.

Game seed: 4205818714014014827

284 speeev33 the Skirmisher (level 6, 0/40 HPs)
             Began as a Gargoyle Fighter on Sept 27, 2021.
             Slain by an orc (2 damage)
             ... on level 4 of the Dungeon.
             The game lasted 00:04:26 (2882 turns).

speeev33 the Skirmisher (Gargoyle Fighter)          Turns: 2882, Time: 00:04:26

Health: 0/40       AC: 11    Str: 21    XL:     6   Next: 29%
Magic:  6/6        EV:  9    Int:  9    God:
Gold:   175        SH:  4    Dex:  9    Spells: 5/5 levels left

rFire   + . .      SeeInvis .   a - +0 flail
rCold   + . .      Faith    .   c - +0 buckler
rNeg    + . .      Spirit   .   b - +0 scale mail
rPois   ∞          Reflect  .   (no helmet)
rElec   +          Harm     .   j - scarf {rC+ rF+}
rCorr   .          Rampage  .   (no gloves)
Will    .....                   (no boots)
Stlth   ..........              (no amulet)
HPRegen 0.13/turn               (no ring)
MPRegen 0.10/turn               (no ring)

@: no status effects
A: sickness immunity, AC +4, negative energy resistance 1, electricity
resistance, torment resistance 1, petrification resistance
a: no special abilities


You were on level 4 of the Dungeon.
You visited 1 branch of the dungeon, and saw 4 of its levels.

You collected 175 gold pieces.

Inventory:

Hand Weapons
 a - a +0 flail (weapon)
Armour
 b - a +0 scale mail (worn)
 c - a +0 buckler (worn)
 j - a scarf of resistance (worn)
Jewellery
 i - a ring of fire
Scrolls
 h - a scroll of magic mapping
Potions
 e - a potion of heal wounds
 f - a potion of mutation
 g - a potion of curing {unknown}


   Skills:
 + Level 4.9 Fighting
 + Level 3.8 Maces & Flails
 + Level 4.9 Armour
 - Level 4.0 Shields


You had 5 spell levels left.
You didn't know any spells.
Your spell library was empty.

Dungeon Overview and Level Annotations

Branches:
Dungeon (4/15)
 Temple: D:4-7

Altars:


Innate Abilities, Weirdness & Mutations

You are immune to sickness and miasma.
Your stone body is resilient. (AC +4)
You are immune to poison.
You resist negative energy. (rN+)
You are resistant to electric shocks. (rElec)
You are resistant to unholy torment.
You are immune to petrification.


Message History

The giant cockroach bites you but does no damage.
The orc barely misses you. You block the orc's attack.
The orc barely misses you. The orc closely misses you.
The giant cockroach barely misses you.
Unknown command.
You closely miss the orc.
The orc is almost dead.
You block the orc's attack. The orc hits you but does no damage. x3
The giant cockroach bites you but does no damage.
The orc barely misses you. x2
You closely miss the orc.
The orc is almost dead.
The orc hits you but does no damage. The giant cockroach misses you.
The orc hits you but does no damage. x3; You block the orc's attack.
You block the giant cockroach's attack.
Okay, then.
You hit the orc.
You kill the orc!
The orc hits you with a +0 club.
* * * LOW HITPOINT WARNING * * *
You block the orc's attack. The orc hits you but does no damage.
The giant cockroach bites you but does no damage.
You block the orc's attack.
You barely miss the orc.
The orc is moderately wounded.
You block the giant cockroach's attack. You block the orc's attack.
The orc completely misses you. The orc hits you but does no damage.
The orc barely misses you.
You hit the orc.
The orc is almost dead.
The giant cockroach barely misses you. The orc barely misses you.
The orc hits you but does no damage. You block the orc's attack.
The orc hits you but does no damage.
The giant cockroach bites you but does no damage.
You closely miss the orc.
The orc is almost dead.
The orc barely misses you. The orc hits you but does no damage.
The orc barely misses you. The giant cockroach misses you.
The orc hits you but does no damage. x2; The orc hits you with a +0 dagger.
You die...

#### #..# ...* ..### *##*##
#...## *## ##.##.###* *****
.....# ##.## #........** *,,,*
...### #...#####........,*****,*
...#####...#.##Boo......,,** *,*
.............###@#...##.**,***,**
..).......##..##oo......,,,,,,,,,
#.#......###..#†........,,,***,**
..........##............,,,* *,*
...#................#..),,,***,*
#..#.....#.#..#.....#,..,,,,,,,*
#$....<.#####.#.#####,,!,,,*,,***
........#* #...#***,,,,**,*,,,,,
#).#.....* #....**,,,,**,,,,,,,,


You could see 4 orcs and a giant cockroach.

Vanquished Creatures
  Sigmund (D:3)
  A water moccasin skeleton (D:2)
  4 adders
  A worm (D:3)
  A dart slug (D:4)
  An orc (D:4)
  7 ball pythons
  6 endoplasms
  A giant cockroach (D:2)
  7 goblins
  4 hobgoblins
  2 jackals (D:1)
  A quokka (D:2)
  5 bats
  3 frilled lizards
  5 kobolds
  5 rats
55 creatures vanquished.

Notes
Turn   | Place    | Note
-------+----------+-------------------------------------------
     0 | D:1      | speeev33 the Gargoyle Fighter began the quest for the Orb.
     0 | D:1      | Reached XP level 1. HP: 14/14 MP: 1/1
   119 | D:1      | Reached XP level 2. HP: 9/19 MP: 2/2
   644 | D:1      | Found a faded altar of an unknown god.
   931 | D:1      | Reached XP level 3. HP: 23/23 MP: 3/3
  1150 | D:2      | Reached XP level 4. HP: 16/29 MP: 4/4
  2034 | D:3      | Noticed Sigmund
  2049 | D:3      | Killed Sigmund
  2050 | D:3      | Reached XP level 5. HP: 27/34 MP: 5/5
  2050 | D:3      | Reached XP level 6. HP: 31/39 MP: 6/6
  2879 | D:4      | HP: 2/40 [orc (2)]
  2882 | D:4      | Slain by an orc

Illustrated notes

Levels and vault maps discovered:
D:1:      lightli_arrival_maybe_door_vault, layout_rooms,
          hellmonk_ecumenical_altar_lost_god, corexii_item_surrounded_by_moat,
          due_unseen_surprise
D:2:      layout_loops_ring, minmay_misc_feat_columns
D:3:      layout_basic, minmay_misc_feat_iff, uniq_sigmund
D:4:      layout_cave_pools, mainiacjoe_overflow_surrounded_room,
          chequers_temple_overflow_minitemple, nicolae_ossuary_entry_giza,
          minmay_tree_intersection, roderic_batcave, uniq_robin, uniq_natasha

Skill      XL: |  1  2  3  4 |
---------------+-------------+-----
Fighting       | 4 |  4.9
Armour         | 4 |  4.9
Shields        | 4 |  4.0
Maces & Flails | 3 |  3.8

Action                   |  1- 3 |  4- 6 || total
-------------------------+-------+-------++-------
Melee: Flail             |   104 |   118 ||   222
  Use: Scroll            |     2 |     3 ||     5
       Potion            |       |     1 ||     1
Armor: Scale mail        |    78 |    98 ||   176
Dodge: Dodged            |    64 |    73 ||   137
Block: Buckler           |    23 |    43 ||    66

Table legend: (Time is in decaauts)
 A = Elapsed time spent in this place.
 B = Non-inter-level travel time spent in this place.
 C = Inter-level travel time spent in this place.
 D = Time resting spent in this place.
 E = Time spent auto-exploring this place.
 F = Levels seen in this place.
 G = Mean time per level.
                   A        B        C        D        E       F      G
               +--------+--------+--------+--------+--------+-----+--------+
         Total |   2939 |   2856 |     83 |    653 |   1548 |   4 |  734.8 |
       Dungeon |   2939 |   2856 |     83 |    653 |   1548 |   4 |  734.8 |
               +--------+--------+--------+--------+--------+-----+--------+

Top non-repeatable levels by time:
     D:1: 1095 daAuts
     D:2: 891 daAuts
     D:3: 890 daAuts
     D:4: 62 daAuts
